[Event "Titled Tuesday Blitz July 25 Late 2023"]
[White "Kozusek, Daniel"]
[Black "Ramadoss, Ashokkumar"]
[WhiteFideId "349500"]
[BlackFideId "5040990"]
[WhiteElo "2476"]
[BlackElo "2296"]
[Result "0-1"]
[Round "5"]
[TimeControl "180+2"]
[Date "2023.07.25"]
[WhiteClock "0:00:26"]
[BlackClock "0:00:22"]
[Board "141"]

1. d4 Nf6 2. c4 c5 3. d5 b5 4. cxb5 a6 5. bxa6 Bxa6 6. Nc3 g6 7. e4 Bxf1 8. Kxf1 d6 9. Nf3 Bg7 10. g3 O-O 11. Kg2 Nbd7 12. Qe2 Qa5 13. a4 Rfb8 14. Nd2 Qa6 15. Qxa6 Rxa6 16. Ra3 Ne5 17. Nb5 Nfd7 18. f4 Ng4 19. Nc4 Ngf6 20. Re1 Nb6 21. Nxb6 Rbxb6 22. Bd2 Nd7 23. Rb1 c4 24. Be3 Rb7 25. b4 Rxb5 26. axb5 Rxa3 27. Kf2 Rb3 28. Rc1 Rxb4 29. Kf3 e6 30. dxe6 fxe6 31. Rd1 Rxb5 32. Rxd6 Nc5 33. Rc6 Bf8 34. Rc8 Kf7 35. Rc7+ Be7 36. f5 exf5 37. Bg5 Rb7 0-1


[Site "https://www.chess.com"]

[Event "Titled Tuesday Blitz July 25 Late 2023"]
[White "ZugZwang1201"]
[Black "EdmundPlayer"]
[WhiteElo "2474"]
[BlackElo "2285"]
[Result "1-0"]
[Round "5"]
[TimeControl "180+2"]
[Date "2023.07.25"]
[WhiteClock "0:01:08"]
[BlackClock "0:00:00"]
[Board "142"]

1. e4 e5 2. Nf3 Nc6 3. Bb5 a6 4. Ba4 Nf6 5. Qe2 b5 6. Bb3 Bc5 7. c3 O-O 8. O-O Re8 9. Rd1 d6 10. d3 Bg4 11. h3 Bh5 12. Nbd2 Bb6 13. Nf1 d5 14. g4 Bg6 15. Ng3 Na5 16. Bc2 dxe4 17. dxe4 Qb8 18. Bg5 Re6 19. b4 Nc4 20. Bb3 Qa7 21. a4 c6 22. Ra2 h6 23. Bc1 Rd8 24. Rxd8+ Bxd8 25. axb5 1-0


[Site "https://www.chess.com"]

[Event "Titled Tuesday Blitz July 25 Late 2023"]
[White "Ocido, Michael"]
[Black "Broca Jimenez, Fernando"]
[WhiteFideId "115201920"]
[BlackFideId "5104742"]
[WhiteElo "2449"]
[BlackElo "2278"]
[Result "1-0"]
[Round "5"]
[TimeControl "180+2"]
[Date "2023.07.25"]
[WhiteClock "0:00:10"]
[BlackClock "0:00:00"]
[Board "143"]

1. d4 e6 2. c4 Nf6 3. Nf3 b6 4. g3 Bb7 5. Bg2 Be7 6. d5 exd5 7. Nh4 O-O 8. cxd5 Bb4+ 9. Nc3 c5 10. O-O Bxc3 11. bxc3 d6 12. Nf5 Bc8 13. Ne3 Nbd7 14. Nc4 Ne5 15. Nxe5 dxe5 16. e4 Re8 17. a4 Ba6 18. Re1 Qd6 19. h3 Bc4 20. Be3 a6 21. f4 Nd7 22. Qd2 f6 23. h4 exf4 24. gxf4 Re7 25. Bf2 Rae8 26. Bg3 a5 27. Re3 b5 28. axb5 Bxb5 29. Rxa5 Qb6 30. Ra1 Rc8 31. Rae1 Qc7 32. e5 fxe5 33. d6 Qd8 34. dxe7 Qxe7 35. fxe5 Nf8 36. e6 Rd8 37. Qf2 c4 38. Qf7+ Qxf7 39. exf7+ Kxf7 40. Re7+ Kf6 41. h5 g6 42. hxg6 Nxg6 43. R7e6+ Kf7 44. Rb6 Bd7 45. Rb7 Kf6 46. Rf1+ Kg5 47. Rc7 1-0


[Site "https://www.chess.com"]

[Event "Titled Tuesday Blitz July 25 Late 2023"]
[White "Clawitter, Craig"]
[Black "ExchangeAB"]
[WhiteFideId "2023105"]
[WhiteElo "2277"]
[BlackElo "2443"]
[Result "1/2-1/2"]
[Round "5"]
[TimeControl "180+2"]
[Date "2023.07.25"]
[WhiteClock "0:00:20"]
[BlackClock "0:00:55"]
[Board "144"]

1. e4 c6 2. d4 d5 3. e5 Bf5 4. Nf3 e6 5. Be2 Ne7 6. Nbd2 h6 7. Nb3 Nd7 8. O-O g5 9. Ne1 Qc7 10. Be3 b6 11. a4 c5 12. a5 c4 13. axb6 Qb7 14. Nc5 Qxb6 15. Nxd7 Kxd7 16. b3 cxb3 17. cxb3 Nc6 18. Ra6 Qb7 19. Nd3 Bxd3 20. Qxd3 Nb4 21. Qb5+ Qxb5 22. Bxb5+ Kc7 23. Rc1+ Kb7 24. Ra4 Be7 25. Bd2 a5 26. Bxb4 Bxb4 27. Bc6+ Kb6 28. Bxa8 Rxa8 29. Ra2 Kb5 30. Rc7 Rf8 31. Rb7+ Kc6 32. Ra7 Kb6 33. Rd7 Kc6 34. Ra7 Kb6 35. Rd7 Kc6 36. Ra7 1/2-1/2


[Site "https://www.chess.com"]

[Event "Titled Tuesday Blitz July 25 Late 2023"]
[White "Celestino, Rafael Teixeira"]
[Black "szachmistrz2500"]
[WhiteFideId "2108925"]
[WhiteElo "2258"]
[BlackElo "2441"]
[Result "1-0"]
[Round "5"]
[TimeControl "180+2"]
[Date "2023.07.25"]
[WhiteClock "0:00:04"]
[BlackClock "0:00:00"]
[Board "145"]

1. e4 c5 2. Nf3 e6 3. d4 cxd4 4. Nxd4 Nc6 5. Nc3 Qc7 6. Be3 Nf6 7. a3 a6 8. Be2 b5 9. O-O Bb7 10. Bf3 Ne5 11. Re1 Be7 12. Bf4 d6 13. Be2 O-O 14. Bf1 Rac8 15. Bxe5 dxe5 16. Nf3 Rfd8 17. Qc1 Nd7 18. Qe3 h6 19. Rad1 Bc5 20. Qd2 Nb6 21. Qc1 Bd4 22. Rd3 Nc4 23. Nxd4 exd4 24. Ne2 e5 25. Rg3 Qb6 26. Rg4 Qe6 27. h3 Nd6 28. Ng3 Kh7 29. Bd3 g6 30. Rh4 h5 31. Qg5 Kg8 32. Nxh5 Kf8 33. Ng3 Ke8 34. Rh8+ Kd7 35. Rxd8+ Rxd8 36. Nf5 gxf5 37. exf5 Qd5 38. f4 e4 39. Bf1 e3 40. Be2 Qxf5 41. Bg4 Be4 42. Bxf5+ Bxf5 43. Qf6 Bxc2 44. Qxd4 Bf5 45. Rxe3 Kc6 46. Qa7 Re8 47. Qxa6+ Kc5 48. Rxe8 1-0


[Site "https://www.chess.com"]

[Event "Titled Tuesday Blitz July 25 Late 2023"]
[White "Rangel, Daniel"]
[Black "Thiel, Thomas"]
[WhiteFideId "2124475"]
[BlackFideId "4615964"]
[WhiteElo "2433"]
[BlackElo "2269"]
[Result "1-0"]
[Round "5"]
[TimeControl "180+2"]
[Date "2023.07.25"]
[WhiteClock "0:00:08"]
[BlackClock "0:00:13"]
[Board "146"]

1. e4 d5 2. exd5 Nf6 3. Nc3 Nxd5 4. Nf3 g6 5. g3 Bg7 6. Bg2 O-O 7. O-O Nc6 8. Re1 Nb6 9. d3 Re8 10. Bg5 h6 11. Be3 e5 12. a4 Nd4 13. Nb5 c6 14. Nbxd4 exd4 15. Bd2 Nd5 16. a5 a6 17. h3 Be6 18. Ne5 Ne3 19. Nxc6 Nxd1 20. Nxd8 Nxb2 21. Nxe6 Rxe6 22. Rxe6 fxe6 23. Bxb7 Ra7 24. Be4 Rc7 25. Bc1 Rxc2 26. Bxb2 Rxb2 27. Bxg6 Bf8 28. Re1 Ra2 29. Rxe6 Rxa5 30. Be4 Kf7 31. Rb6 Ra1+ 32. Kg2 a5 33. Ra6 a4 34. f4 a3 35. Kf3 h5 36. g4 h4 37. g5 a2 38. Rxa2 Rxa2 39. Bd5+ Kg6 40. Bxa2 Kf5 41. Bd5 Bd6 42. Be4+ Ke6 43. Kg4 Kf7 44. f5 Bg3 45. Bd5+ Kf8 46. f6 Be5 47. Kf5 1-0


[Site "https://www.chess.com"]

[Event "Titled Tuesday Blitz July 25 Late 2023"]
[White "Doluhanova, Evgeniya"]
[Black "Reprintsev, Alexander"]
[WhiteFideId "14112035"]
[BlackFideId "14100541"]
[WhiteElo "2257"]
[BlackElo "2421"]
[Result "1-0"]
[Round "5"]
[TimeControl "180+2"]
[Date "2023.07.25"]
[WhiteClock "0:00:38"]
[BlackClock "0:00:44"]
[Board "147"]

1. e4 d5 2. exd5 Qxd5 3. d4 Nc6 4. Nf3 Bg4 5. Be3 Bxf3 6. gxf3 e5 7. c4 Qa5+ 8. Bd2 Bb4 9. d5 Nd4 10. Nc3 c5 11. Bd3 Ne7 12. a3 Bxc3 13. bxc3 Ndf5 14. Qc2 Nd6 15. Rg1 g6 16. Bh6 O-O-O 17. Kf1 f6 18. Bg7 Rhf8 19. Bxf8 Rxf8 20. a4 b6 21. Rb1 Kc7 22. Kg2 Nef5 23. Kh1 Qa6 24. a5 bxa5 25. Qa4 Ne7 26. Rb2 Ndc8 27. Rb5 Nb6 28. Rxc5+ Kb8 29. Rb1 Ka8 30. Qa3 Rb8 31. Rxa5 Qb7 32. c5 Nbxd5 33. Rxb7 Rxb7 34. Be4 1-0


[Site "https://www.chess.com"]

[Event "Titled Tuesday Blitz July 25 Late 2023"]
[White "Eggleston, Thomas A"]
[Black "Vaglio Munoz, Jaime"]
[WhiteFideId "412139"]
[BlackFideId "6500145"]
[WhiteElo "2407"]
[BlackElo "2251"]
[Result "1-0"]
[Round "5"]
[TimeControl "180+2"]
[Date "2023.07.25"]
[WhiteClock "0:00:05"]
[BlackClock "0:00:18"]
[Board "148"]

1. e4 c5 2. Nf3 Qa5 3. Bc4 a6 4. O-O e6 5. c3 b5 6. Bb3 Bb7 7. Bc2 Nf6 8. Re1 Be7 9. d4 d5 10. exd5 Bxd5 11. dxc5 b4 12. cxb4 Qxb4 13. Ba4+ Bc6 14. Bb3 O-O 15. Ne5 Rd8 16. Qe2 Bb5 17. Qe3 Bxc5 18. Bd2 Bxe3 19. Bxb4 Bd4 20. Nc3 Nc6 21. Nxb5 Bxe5 22. Bc3 axb5 23. Bxe5 Nxe5 24. Rxe5 Rd2 25. Rxb5 Rxb2 26. f3 Rd8 27. Bc4 Rc2 28. Bf1 g6 29. a4 Nd5 30. Rb3 Rd7 31. a5 Ra7 32. a6 Rcc7 33. Rab1 Ne7 34. Rb7 Nc6 35. Rxc7 Rxc7 36. Rb7 Rxb7 37. axb7 Kf8 38. Kf2 Ke7 39. Ke3 Kd6 40. Bb5 Nb8 41. Be8 f6 42. h4 Kc7 43. Bf7 e5 44. Bg8 h6 45. Bh7 g5 46. hxg5 hxg5 47. Ke4 Kxb7 48. Kf5 Nd7 49. Bg8 Kc7 50. Ke6 e4 51. fxe4 Nc5+ 52. Kxf6 Nxe4+ 53. Kf5 Nd6+ 54. Kxg5 Kd7 55. Kf6 Ke8 56. Be6 Kf8 57. g4 Ne8+ 58. Kg6 Ng7 59. Bf7 Ne8 60. Bxe8 Kxe8 61. Kg7 Ke7 62. g5 Ke8 63. g6 Ke7 64. Kh8 Kf8 65. g7+ Kf7 66. g8=Q+ Kf6 67. Qg4 Kf7 68. Qf5+ Ke7 69. Kg7 Kd6 70. Kf7 Kc7 71. Qe6 Kd8 72. Kg6 Kc7 73. Kf5 Kd8 74. Qf7 Kc8 75. Qe7 Kb8 76. Qd7 Ka8 77. Ke5 Kb8 78. Kd5 Ka8 79. Kc6 Kb8 80. Kb6 Ka8 81. Qd8# 1-0


[Site "https://www.chess.com"]

[Event "Titled Tuesday Blitz July 25 Late 2023"]
[White "Sariego Figueredo, Wilfredo"]
[Black "Nunez V, Gustavo Eduardo"]
[WhiteFideId "3500080"]
[BlackFideId "4403690"]
[WhiteElo "2238"]
[BlackElo "2407"]
[Result "1-0"]
[Round "5"]
[TimeControl "180+2"]
[Date "2023.07.25"]
[WhiteClock "0:00:18"]
[BlackClock "0:00:13"]
[Board "149"]

1. d4 Nf6 2. Bf4 g6 3. Nc3 d5 4. Nf3 Bg7 5. h4 h6 6. e3 O-O 7. Be2 c5 8. Ne5 Nc6 9. g4 Nd7 10. Nxd7 Qxd7 11. dxc5 e5 12. Bg3 Rd8 13. Qd2 d4 14. exd4 Nxd4 15. O-O-O Qc6 16. Bd3 Qxc5 17. Ne4 Qc6 18. g5 h5 19. Qc3 Qxc3 20. bxc3 Nf5 21. Nf6+ Bxf6 22. gxf6 Nxg3 23. fxg3 Be6 24. Kb2 Rd6 25. Be4 Rb6+ 26. Ka1 Rc8 27. Rd3 Bc4 28. Rd7 Ra6 29. Bxb7 Rxa2+ 30. Kb1 Rb8 31. Rhd1 Kh7 32. Rc7 Be6 33. Rd6 Ra5 34. Rxe6 Rb5+ 35. Kc1 R5xb7 36. Ree7 Rxc7 37. Rxc7 Kg8 38. Rxa7 Rb6 39. Ra8+ Kh7 40. Re8 Rxf6 41. Rxe5 Rf3 42. c4 Rxg3 43. c5 Rc3 44. Kd2 Rc4 45. Kd3 Rxh4 46. c6 Ra4 47. c7 Ra8 48. Re7 Kg7 49. Rd7 Rc8 50. c4 Kf6 51. c5 Ke6 52. c6 h4 53. Kc4 h3 54. Kc5 h2 55. Rd1 Rxc7 56. Kb6 Rc8 57. Kb7 Rh8 58. c7 g5 59. Rh1 Kd7 60. Rxh2 Rf8 61. Rd2+ Ke6 62. Rd8 Rxd8 63. cxd8=Q f6 64. Qe8+ Kf5 65. Qe3 Kg4 66. Qg1+ Kf4 67. Qf2+ Ke5 68. Qe3+ Kf5 69. Qf3+ Ke5 70. Kc6 f5 71. Qg3+ Kf6 72. Qd6+ Kf7 73. Qe5 Kg6 74. Qe6+ Kh5 75. Qxf5 Kh4 76. Qf1 g4 77. Qg1 g3 78. Kd5 Kg4 79. Ke4 Kh3 80. Kf3 Kh4 81. Qxg3+ Kh5 82. Qg4+ Kh6 83. Kf4 Kh7 84. Kf5 Kh8 85. Kf6 Kh7 86. Qg7# 1-0


[Site "https://www.chess.com"]

[Event "Titled Tuesday Blitz July 25 Late 2023"]
[White "Der_Balak_3Halak"]
[Black "Sarkar, Justin"]
[BlackFideId "2010011"]
[WhiteElo "2400"]
[BlackElo "2234"]
[Result "1-0"]
[Round "5"]
[TimeControl "180+2"]
[Date "2023.07.25"]
[WhiteClock "0:00:34"]
[BlackClock "0:00:00"]
[Board "150"]

1. d4 Nf6 2. Bg5 d5 3. Bxf6 exf6 4. Nf3 Be6 5. e3 c6 6. Bd3 Bd6 7. Nbd2 Nd7 8. c4 dxc4 9. Bxc4 Nb6 10. Bb3 O-O 11. O-O a5 12. a3 a4 13. Ba2 Qe7 14. e4 Bxa2 15. Rxa2 Rad8 16. Qe2 Rfe8 17. Raa1 c5 18. Rfe1 cxd4 19. Nxd4 Bxh2+ 20. Kh1 Be5 21. Nf5 Qd7 22. Qg4 g6 23. Nf3 1-0


[Site "https://www.chess.com"]

[Event "Titled Tuesday Blitz July 25 Late 2023"]
[White "De Souza, Cristiano Gomes"]
[Black "Ai, Evan"]
[WhiteFideId "2151758"]
[BlackFideId "2094770"]
[WhiteElo "2226"]
[BlackElo "2399"]
[Result "0-1"]
[Round "5"]
[TimeControl "180+2"]
[Date "2023.07.25"]
[WhiteClock "0:01:23"]
[BlackClock "0:00:51"]
[Board "151"]

1. d4 Nf6 2. c4 e6 3. Nf3 d5 4. Nc3 Be7 5. Bg5 O-O 6. e3 b6 7. Rc1 dxc4 8. Bxc4 Bb7 9. Qe2 Nbd7 10. O-O Ne4 11. Bxe7 Qxe7 12. Rfd1 c5 13. Ba6 Nxc3 14. Rxc3 cxd4 15. Rxd4 Bxa6 16. Qxa6 Nc5 17. Qe2 Rfd8 18. h3 e5 19. Rdc4 f6 20. a3 a5 21. Qc2 Rd7 22. b4 axb4 23. axb4 Na4 24. Rc8+ Rd8 25. Rxa8 Rxa8 26. Rc8+ Rxc8 27. Qxc8+ Kf7 28. Qc3 Nxc3 0-1


[Site "https://www.chess.com"]

[Event "Titled Tuesday Blitz July 25 Late 2023"]
[White "Davidson, Kevin"]
[Black "Alexikov, Alexander"]
[WhiteFideId "2056810"]
[BlackFideId "14103958"]
[WhiteElo "2387"]
[BlackElo "2223"]
[Result "1-0"]
[Round "5"]
[TimeControl "180+2"]
[Date "2023.07.25"]
[WhiteClock "0:00:24"]
[BlackClock "0:00:00"]
[Board "152"]

1. e4 c5 2. Nf3 d6 3. d4 Nf6 4. Nc3 cxd4 5. Nxd4 a6 6. h3 e5 7. Nde2 Be6 8. g4 h6 9. Bg2 Nbd7 10. Be3 Rc8 11. Qd2 Qc7 12. O-O g6 13. Rac1 Nb6 14. b3 h5 15. g5 Nfd7 16. Nd5 Nxd5 17. exd5 Bf5 18. c4 h4 19. Nc3 Be7 20. Ne4 b6 21. f4 Bf8 22. fxe5 Nxe5 23. Nf6+ Kd8 24. Rxf5 gxf5 25. Rf1 b5 26. Qf2 1-0


[Site "https://www.chess.com"]

[Event "Titled Tuesday Blitz July 25 Late 2023"]
[White "Bueno, Alfeu Junior Varela"]
[Black "Ardila, Oscar Humberto"]
[WhiteFideId "2108879"]
[BlackFideId "4404742"]
[WhiteElo "2386"]
[BlackElo "2223"]
[Result "1-0"]
[Round "5"]
[TimeControl "180+2"]
[Date "2023.07.25"]
[WhiteClock "0:00:16"]
[BlackClock "0:00:07"]
[Board "153"]

1. e4 e5 2. Nc3 Nf6 3. f4 d6 4. Nf3 Bg4 5. Bc4 Bxf3 6. Qxf3 Nbd7 7. O-O Be7 8. d3 O-O 9. Qg3 Kh8 10. Kh1 c6 11. Be3 b5 12. Bb3 a5 13. a4 b4 14. Ne2 Rc8 15. Rf2 Qc7 16. Raf1 d5 17. fxe5 Nxe5 18. Bf4 Nh5 19. Qh3 Nxf4 20. Nxf4 dxe4 21. d4 Ng6 22. Bxf7 Nxf4 23. Rxf4 Bd6 24. Bg6 h6 25. Rxf8+ Rxf8 26. Rxf8+ Bxf8 27. Bxe4 Qf4 28. Kg1 Qc1+ 29. Kf2 Qd2+ 30. Kf3 Qd1+ 31. Ke3 Qc1+ 32. Kd3 Qf1+ 33. Kd2 Qf2+ 34. Kd3 Qf1+ 35. Ke3 Qe1+ 36. Kf4 Bd6+ 37. Kf5 g6+ 38. Ke6 Qxe4+ 39. Kxd6 Qd5+ 40. Kc7 Kh7 41. Qd7+ Kh8 42. Qxd5 cxd5 43. Kd6 Kg7 44. Kxd5 Kf6 45. Kc6 Kf5 46. d5 Ke4 47. d6 Ke5 48. d7 Ke6 49. Kc7 Ke7 50. d8=Q+ 1-0


[Site "https://www.chess.com"]

[Event "Titled Tuesday Blitz July 25 Late 2023"]
[White "Storn, Justin"]
[Black "Bazzano, Sebastian"]
[WhiteFideId "30922720"]
[BlackFideId "104566"]
[WhiteElo "2385"]
[BlackElo "2215"]
[Result "1-0"]
[Round "5"]
[TimeControl "180+2"]
[Date "2023.07.25"]
[WhiteClock "0:00:03"]
[BlackClock "0:00:00"]
[Board "154"]

1. d4 Nf6 2. c4 e6 3. Nc3 d5 4. cxd5 exd5 5. Bg5 Be7 6. Qc2 O-O 7. e3 c6 8. Bd3 Bg4 9. Nge2 Bh5 10. Nf4 Bg6 11. Nxg6 hxg6 12. O-O-O Nbd7 13. h4 b5 14. f3 b4 15. Na4 c5 16. Nxc5 Bxc5 17. dxc5 Nxc5 18. Kb1 Rc8 19. Qd2 b3 20. a3 Nxd3 21. Qxd3 Rc2 22. Qxb3 Rxg2 23. Rd4 Qd6 24. Bxf6 Rb8 25. Qc3 Qxf6 26. Ka1 Qxf3 27. Rb1 Re8 28. Qc7 Qxe3 29. Rxd5 Qe7 30. Rd7 Qf6 31. Qxa7 Ree2 32. Rb7 Rg3 33. Qb8+ Kh7 34. Rb3 1-0


[Site "https://www.chess.com"]

[Event "Titled Tuesday Blitz July 25 Late 2023"]
[White "Francisco_Ferrari"]
[Black "Lalanne, Pablo"]
[BlackFideId "112151"]
[WhiteElo "2206"]
[BlackElo "2381"]
[Result "1-0"]
[Round "5"]
[TimeControl "180+2"]
[Date "2023.07.25"]
[WhiteClock "0:00:09"]
[BlackClock "0:00:09"]
[Board "155"]

1. e4 c5 2. Nf3 d6 3. d4 cxd4 4. Nxd4 Nf6 5. Nc3 Nc6 6. Bc4 Qb6 7. Nxc6 bxc6 8. Bb3 g6 9. O-O Bg7 10. Be3 Qc7 11. h3 O-O 12. f4 c5 13. f5 c4 14. Ba4 Bb7 15. Bd4 Bc6 16. fxg6 hxg6 17. Bxc6 Qxc6 18. Bxf6 exf6 19. Qd5 Rac8 20. Rad1 Qb6+ 21. Qd4 Qxb2 22. Nd5 Qxd4+ 23. Rxd4 f5 24. Rdd1 fxe4 25. Ne7+ Kh7 26. Nxc8 Rxc8 27. Rxd6 Rc7 28. g4 Be5 29. Rd5 f6 30. Re1 Rb7 31. Rxe4 Rb2 32. Rxc4 Rxa2 33. Rd7+ Kh6 34. h4 f5 35. g5+ 1-0


[Site "https://www.chess.com"]

[Event "Titled Tuesday Blitz July 25 Late 2023"]
[White "Villarreal, Agustin"]
[Black "Osmonbekov, Talaibek"]
[WhiteFideId "125687"]
[BlackFideId "2017253"]
[WhiteElo "2372"]
[BlackElo "2161"]
[Result "0-1"]
[Round "5"]
[TimeControl "180+2"]
[Date "2023.07.25"]
[WhiteClock "0:00:03"]
[BlackClock "0:00:26"]
[Board "156"]

1. e4 c5 2. Nf3 d6 3. d4 cxd4 4. Nxd4 Nf6 5. Nc3 g6 6. Bc4 Bg7 7. h3 O-O 8. Bb3 Nc6 9. Be3 Bd7 10. O-O Rc8 11. Re1 Ne5 12. Qe2 Nc6 13. Nf3 b6 14. Rad1 Na5 15. Bg5 Nxb3 16. axb3 Qc7 17. Rd2 Be6 18. Nd5 Qb7 19. c4 a6 20. Nxf6+ exf6 21. Bf4 b5 22. Bxd6 bxc4 23. Bxf8 Bxf8 24. bxc4 Bb4 25. b3 a5 26. Red1 Bxd2 27. Nxd2 a4 28. Rb1 axb3 29. Rxb3 Qa6 30. Rc3 Qa1+ 31. Kh2 Qxc3 32. e5 Qxe5+ 0-1


[Site "https://www.chess.com"]

[Event "Titled Tuesday Blitz July 25 Late 2023"]
[White "Haraguchi, Diego Sashaki"]
[Black "BeautiFullMindChess"]
[WhiteFideId "22729925"]
[WhiteElo "2370"]
[BlackElo "2138"]
[Result "0-1"]
[Round "5"]
[TimeControl "180+2"]
[Date "2023.07.25"]
[WhiteClock "0:00:15"]
[BlackClock "0:00:56"]
[Board "157"]

1. e4 c5 2. Nf3 d6 3. c3 Nf6 4. d3 Bg4 5. Be3 Nbd7 6. Nbd2 g6 7. g3 e5 8. Bg2 Bg7 9. O-O O-O 10. a4 Be6 11. Ng5 a6 12. Nxe6 fxe6 13. Qb3 Qe7 14. a5 Rab8 15. Nc4 Ng4 16. h3 Nxe3 17. fxe3 Bh6 18. Kh2 Kh8 19. Rxf8+ Bxf8 20. Rf1 h5 21. Nb6 Nf6 22. Rxf6 Qxf6 23. Nd7 Qf2 24. Nxb8 h4 25. gxh4 Bh6 26. Qxe6 Bxe3 27. Qxg6 Bf4+ 28. Kh1 Qe1+ 29. Bf1 Qxf1+ 30. Qg1 Qxh3+ 0-1


[Site "https://www.chess.com"]

[Event "Titled Tuesday Blitz July 25 Late 2023"]
[White "Rian, Kapriaga"]
[Black "Curtis, John"]
[WhiteFideId "7103263"]
[BlackFideId "3200256"]
[WhiteElo "2363"]
[BlackElo "2131"]
[Result "0-1"]
[Round "5"]
[TimeControl "180+2"]
[Date "2023.07.25"]
[WhiteClock "0:00:00"]
[BlackClock "0:00:19"]
[Board "158"]

1. d4 Nf6 2. Nf3 d5 3. Bf4 c6 4. e3 Bg4 5. Be2 Nbd7 6. O-O Bxf3 7. Bxf3 e6 8. Nd2 Be7 9. h3 O-O 10. c4 dxc4 11. Nxc4 Nb6 12. Qc2 Nxc4 13. Qxc4 Bd6 14. Bg5 h6 15. Bh4 g5 16. Bg3 Bxg3 17. fxg3 Nd5 18. e4 Ne3 19. Qc3 Nxf1 20. Rxf1 Qb6 21. Kh2 Rad8 22. Rd1 Rd7 23. d5 cxd5 24. exd5 exd5 25. Rxd5 Rfd8 26. Rxd7 Rxd7 27. a4 Re7 28. a5 Qf2 29. Qc8+ Kg7 30. Qc3+ f6 31. Qd3 Qe3 32. Qf5 b6 33. a6 Qe6 34. Qd3 f5 35. b4 Qe5 36. b5 h5 37. Bxh5 Kh6 38. Bf3 f4 39. g4 Qe1 40. Qd6+ Kh7 41. Qd3+ Kg7 42. Bc6 Qg3+ 43. Qxg3 fxg3+ 44. Kxg3 Re3+ 45. Kf2 Rc3 46. g3 Kf6 47. h4 Kg6 48. Kg2 Rc4 49. Kf3 Rb4 50. h5+ Kh6 51. Bd7 Rb2 52. Ke4 Rf2 53. Kd5 Rf6 54. Ke5 Kg7 0-1


[Site "https://www.chess.com"]

[Event "Titled Tuesday Blitz July 25 Late 2023"]
[White "Tsukerman, Julia"]
[Black "Campos, Maria Jose"]
[WhiteFideId "2621649"]
[BlackFideId "146803"]
[WhiteElo "2122"]
[BlackElo "2357"]
[Result "0-1"]
[Round "5"]
[TimeControl "180+2"]
[Date "2023.07.25"]
[WhiteClock "0:00:10"]
[BlackClock "0:01:50"]
[Board "159"]

1. e4 e5 2. Nf3 Nc6 3. Bb5 a6 4. Ba4 Bc5 5. c3 Ba7 6. O-O Nge7 7. d4 d6 8. h3 O-O 9. Bg5 f6 10. Bh4 Ng6 11. Bg3 Kh8 12. Na3 Nce7 13. Bb3 Bd7 14. Nc4 Be6 15. Ne3 Qc8 16. Kh2 a5 17. Rc1 b5 18. a4 Rb8 19. axb5 Rxb5 20. d5 Bd7 21. Qc2 Qb7 22. Nd2 Rb8 23. Nec4 f5 24. Rb1 f4 0-1


[Site "https://www.chess.com"]

[Event "Titled Tuesday Blitz July 25 Late 2023"]
[White "Tarnowska, Aleksandra"]
[Black "Topalov, Aleksandar"]
[WhiteFideId "1180967"]
[BlackFideId "925659"]
[WhiteElo "2109"]
[BlackElo "2355"]
[Result "0-1"]
[Round "5"]
[TimeControl "180+2"]
[Date "2023.07.25"]
[WhiteClock "0:00:00"]
[BlackClock "0:00:12"]
[Board "160"]

1. e4 e6 2. d4 d5 3. Nd2 Nf6 4. e5 Ng8 5. Bd3 Ne7 6. c3 Qd7 7. Ne2 b6 8. Nf3 Ba6 9. O-O Bxd3 10. Qxd3 c5 11. c4 cxd4 12. Nexd4 Nbc6 13. Nxc6 Qxc6 14. cxd5 Nxd5 15. Bg5 h6 16. Be3 Be7 17. Rac1 Qd7 18. Nd4 O-O 19. Nc6 Rac8 20. Nxe7+ Qxe7 21. Qe4 Qb4 22. Qxb4 Nxb4 23. a3 Nd3 24. Rxc8 Rxc8 25. Bd4 Rc2 26. Rb1 Kf8 27. h3 Ke8 28. g4 Kd7 29. Rd1 Rc1 30. Rxc1 Nxc1 31. Kf1 Kc6 32. Ke1 Kd5 33. Bc3 Nd3+ 34. Ke2 Nxe5 35. f4 Ng6 36. f5 exf5 37. gxf5 Nf4+ 38. Kf3 Nxh3 39. Bxg7 h5 40. Kg3 Ng5 41. Kh4 Nf3+ 42. Kxh5 Ke4 43. Kg4 Nd2 44. Bc3 Nc4 45. Kg5 Nd6 46. f6 Nb5 47. Kh6 Kd5 48. Kg7 Ke6 49. Bb4 Nd4 50. Bc3 Nf5+ 51. Kf8 Nd6 52. Kg7 b5 53. Bd4 a6 54. Bc3 Ne8+ 55. Kf8 Nxf6 0-1


[Site "https://www.chess.com"]

[Event "Titled Tuesday Blitz July 25 Late 2023"]
[White "Yolosz"]
[Black "Winkels, Marcel"]
[BlackFideId "1003887"]
[WhiteElo "2345"]
[BlackElo "2061"]
[Result "1-0"]
[Round "5"]
[TimeControl "180+2"]
[Date "2023.07.25"]
[WhiteClock "0:00:30"]
[BlackClock "0:00:22"]
[Board "161"]

1. d4 Nf6 2. Bf4 g6 3. e3 d5 4. Nc3 Bg7 5. h4 h5 6. Nf3 O-O 7. Qd2 Nbd7 8. O-O-O c6 9. Ng5 b5 10. Bd3 Qa5 11. Kb1 Nb6 12. Nxd5 Qxd2 13. Nxe7+ Kh8 14. Rxd2 Bb7 15. Bxg6 fxg6 16. Nxg6+ Kg8 17. Nxf8 Bxf8 18. Ne6 Be7 19. f3 Nfd5 20. g4 Nxf4 21. Nxf4 hxg4 22. fxg4 c5 23. d5 Bd6 24. Rhd1 Nc4 25. Rd3 b4 26. b3 Na3+ 27. Kc1 Rf8 28. Rf1 Ba6 29. Kd2 Bxd3 30. Kxd3 Nb5 31. h5 Nc3 32. Kc4 Nxa2 33. Ra1 Bxf4 34. exf4 Rxf4+ 35. Kxc5 Nc3 36. Rxa7 Rxg4 37. d6 Kf8 38. h6 Rh4 39. h7 Ne4+ 40. Kc6 Nxd6 41. Kxd6 Rh6+ 42. Kc5 Rh5+ 43. Kxb4 Rh4+ 44. c4 Rh5 45. h8=Q+ Rxh8 46. Ra8+ Kg7 47. Rxh8 Kxh8 48. Kb5 Kg7 49. Kb6 Kf7 50. Kb7 Ke7 51. c5 Kd7 52. c6+ Kd6 53. c7 Kc5 54. c8=Q+ Kb4 55. Qc4+ Ka3 56. b4 Kb2 57. b5 Kb1 58. b6 Kb2 59. Kc7 Ka3 60. b7 Kb2 61. b8=Q+ Ka1 62. Qa6# 1-0


[Site "https://www.chess.com"]

[Event "Titled Tuesday Blitz July 25 Late 2023"]
[White "Osiecki, Stanislaw"]
[Black "Kostiukov, Alexandr"]
[WhiteFideId "1102990"]
[BlackFideId "14108100"]
[WhiteElo "2042"]
[BlackElo "2344"]
[Result "1-0"]
[Round "5"]
[TimeControl "180+2"]
[Date "2023.07.25"]
[WhiteClock "0:00:56"]
[BlackClock "0:00:00"]
[Board "162"]

1. e4 c5 2. c3 g6 3. d4 cxd4 4. cxd4 d5 5. exd5 Nf6 6. Nc3 Nxd5 7. Nxd5 Qxd5 8. Nf3 Bg7 9. h3 O-O 10. Be2 Nc6 11. Be3 Rd8 12. O-O Nxd4 13. Nxd4 Bxd4 14. Bxd4 Qxd4 15. Qc2 Bf5 16. Qb3 Qb6 17. Qxb6 axb6 18. Bf3 Rd2 19. Rfe1 Kf8 20. Re2 Rxe2 21. Bxe2 Rc8 22. Bf3 Rc7 23. b4 Rc4 24. a3 Be4 25. Bxe4 Rxe4 26. Rc1 e6 27. Rc7 Re1+ 28. Kh2 Ra1 29. Rxb7 Rxa3 30. Rxb6 Ra2 31. f3 h5 32. h4 Kg7 33. Rb7 Kf6 34. Kg3 e5 35. b5 Ke6 36. Rb8 Rb2 37. b6 f6 38. b7 Kf5 39. Kh3 Rb1 40. Kg3 Rb6 41. Kh3 1-0


[Site "https://www.chess.com"]

[Event "Titled Tuesday Blitz July 25 Late 2023"]
[White "Manon-og, Ramon Jr."]
[Black "zano2023"]
[WhiteFideId "5200776"]
[WhiteElo "2328"]
[BlackElo "2013"]
[Result "0-1"]
[Round "5"]
[TimeControl "180+2"]
[Date "2023.07.25"]
[WhiteClock "0:00:15"]
[BlackClock "0:00:27"]
[Board "163"]

1. d4 e5 2. dxe5 d6 3. exd6 Bxd6 4. Nf3 Bg4 5. e3 Nf6 6. Be2 Nc6 7. O-O Qe7 8. c4 O-O-O 9. Qa4 Kb8 10. Nc3 Ne5 11. Nb5 Bc5 12. b4 Bxf3 13. gxf3 c6 14. bxc5 cxb5 15. cxb5 Qxc5 16. Ba3 Qb6 17. f4 Neg4 18. Bf3 g5 19. Rac1 Rc8 20. Rxc8+ Rxc8 21. fxg5 Ne5 22. Qf4 Nd7 23. Bb2 Re8 24. Rd1 f6 25. gxf6 Qxf6 26. Qxf6 Nxf6 27. Bxe5+ Rxe5 28. a4 Kc7 29. h4 h5 30. Kg2 Kb6 31. Be2 Ka5 32. Rd4 Rc5 33. Rf4 Nd5 34. Rf5 Nxe3+ 35. fxe3 Rxf5 36. Kg3 Rc5 37. Kf4 Kxa4 38. e4 Kb4 39. e5 a5 40. Bxh5 a4 41. Bf7 a3 42. h5 Rc4+ 43. Bxc4 Kxc4 44. h6 a2 45. h7 a1=Q 46. h8=Q Qf1+ 47. Kg4 Qg2+ 48. Kf5 Qf3+ 49. Ke6 Qd5+ 50. Ke7 Qc5+ 51. Kf7 Qc7+ 52. Kf6 Qb6+ 53. e6 Qd4+ 54. Kf7 Qxh8 55. e7 Kxb5 56. e8=Q+ Qxe8+ 57. Kxe8 Kc4 58. Ke7 b5 59. Kd6 b4 60. Ke5 b3 0-1


[Site "https://www.chess.com"]